 Dungeon Crawl Stone Soup version 0.13.0-21-ge43020b (webtiles) character file.

313 Econoterrorist the Magician (level 5, -2/24 HPs)
             Began as a Spriggan Enchanter on Oct 26, 2013.
             Slain by Grinder (6 damage)
             ... on Level 3 of the Dungeon.
             The game lasted 00:10:13 (2555 turns).

Econoterrorist the Magician (Spriggan Enchanter)    Turns: 2555, Time: 00:10:14

HP  -2/24        AC  3     Str  5      XL: 5   Next:  5%
MP  10/18        EV 18     Int 19      God:
Gold 169         SH  0     Dex 17      Spells:  3 memorised,  8 levels left

Res.Fire  : . . .   See Invis. : +   t - +1 dwarf dagger
Res.Cold  : . . .   Warding    : .   b - +1 robe
Life Prot.: . . .   Conserve   : .   (shield restricted)
Res.Poison: .       Res.Corr.  : +   (helmet restricted)
Res.Elec. : .       Clarity    : .   (no cloak)
Sust.Abil.: . .     Spirit.Shd : .   (gloves unavailable)
Res.Mut.  : .       Stasis     : .   (boots unavailable)
Res.Rott. : .       Flight     : .   o - amulet of resist corrosion {unknown}
Saprovore : . . .                    q - ring of wizardry
                                     k - +3 ring of intelligence

@: very quick, somewhat resistant to hostile enchantments, quite stealthy
A: unfitting armour, see invisible, herbivore 3, speed 3, slow metabolism 2
a: no special abilities


You were on level 3 of the Dungeon.
You were not hungry.

You visited 1 branch of the dungeon, and saw 3 of its levels.

You collected 149 gold pieces.

Inventory:

Hand weapons
 a - a +1,+1 dagger {=f}
 r - a +3,+2 dwarven dagger
 t - a +1,+1 dwarven dagger (weapon)
Missiles
 d - 12 darts (quivered)
Armour
 b - a +1 robe (worn)
Comestibles
 g - 2 apples
 m - 3 bread rations
 n - a lychee
 x - 2 chokos
Scrolls
 f - a scroll of recharging {unknown}
 h - a scroll of blinking {unknown}
 i - 2 scrolls of identify {unknown}
 j - a scroll of teleportation {unknown}
 u - a scroll of curse weapon {unknown}
 w - a scroll of enchant weapon II {unknown}
Jewellery
 k - a +3 ring of intelligence (left hand)
 o - an amulet of resist corrosion (around neck) {unknown}
 q - a ring of wizardry (right hand)
Potions
 e - a potion of porridge
 l - a potion of resistance {unknown}
 p - a potion of might {unknown}
 s - a potion of restore abilities {unknown}
 v - a potion of brilliance {unknown}
 z - a potion of curing
Books
 c - a book of Maledictions

   Spells                             Type                      Level
   *Corona                            Hexes                        1
   Sure Blade                         Hexes/Charms                 2
   *Ensorcelled Hibernation           Hexes/Ice                    2
   *Confuse                           Hexes                        3
   Enslavement                        Hexes                        4
   Invisibility                       Hexes                        6


   Skills:
 - Level 1.1 Short Blades
 - Level 1.1 Throwing
 - Level 3.0 Dodging
 - Level 5.0 Stealth
 - Level 5.1 Spellcasting
 + Level 3.6 Hexes


You had 8 spell levels left.
You knew the following spells:

 Your Spells              Type           Power        Failure   Level  Hunger
a - Corona                Hex            ###....      1%          1    None
b - Ensorcelled Hibernat  Hex/Ice        ##....       3%          2    None
c - Confuse               Hex            ###.....     4%          3    ###....


Dungeon Overview and Level Annotations

Branches:
Dungeon (3/27)

Altars:

Annotations:
D:3 Grinder


Innate Abilities, Weirdness & Mutations

You are tiny and cannot use many weapons and most armour.
You have supernaturally acute eyesight.
You are a herbivore.
You cover ground extremely quickly.
You need consume almost no food.


Message History

Grinder is lightly wounded.
Grinder drinks a potion.
Grinder is healed!
Grinder seems less confused.
You closely miss Grinder. Grinder hits you.
You writhe in agony.
Casting: Confuse
Confirm with . or Enter, or press ? or * to list all spells.
Aiming: Confuse
Press: ? - help, Shift-Dir - straight line, f/p - Grinder
Aim: Grinder Grinder struggles to resist.
Grinder hits you.
You writhe in agony.
Casting: Confuse
Confirm with . or Enter, or press ? or * to list all spells.
Aiming: Confuse
Press: ? - help, Shift-Dir - straight line, f/p - Grinder
Aim: Grinder Grinder easily resists.
Grinder says, "DUCK!"
Grinder hits you.
* * * LOW HITPOINT WARNING * * *
You writhe in agony.
You die...

#.# #.# #.## #..#
######.####
#..(......#####
#.............#
#.........###...#
#...@.....#
#...5.....#
#.........#
#######.###
###..# #...##
###'########
#...........
#..5........


You could see Grinder.

Vanquished Creatures
  4 gnolls
  5 adders
  2 worms
  3 giant geckos
  An ooze (D:2)
  4 bats
  A giant cockroach (D:3)
  4 goblins (D:2)
  2 hobgoblins (D:2)
  11 jackals
  4 giant newts
  4 kobolds
  3 rats
48 creatures vanquished.

Notes
Turn   | Place    | Note
--------------------------------------------------------------
     0 | D:1      | Econoterrorist, the Spriggan Enchanter, began the quest for the Orb.
     0 | D:1      | Reached XP level 1. HP: 9/9 MP: 4/4
   317 | D:1      | Reached skill level 4 in Stealth
   533 | D:1      | Reached XP level 2. HP: 10/13 MP: 6/6
   537 | D:1      | Learned a level 2 spell: Ensorcelled Hibernation
   606 | D:1      | Reached skill level 5 in Stealth
   952 | D:2      | Reached XP level 3. HP: 16/16 MP: 0/9
  1601 | D:2      | Reached XP level 4. HP: 14/21 MP: 10/13
  1606 | D:2      | Learned a level 3 spell: Confuse
  2294 | D:3      | Reached skill level 5 in Spellcasting
  2444 | D:3      | Reached XP level 5. HP: 22/24 MP: 10/18
  2531 | D:3      | Noticed Grinder
  2555 | D:3      | Slain by Grinder

Action                   |  1- 3 |  4- 6 || total
-------------------------+-------+-------++-------
Melee: Dagger            |    76 |    54 ||   130
 Cast: Corona            |     1 |       ||     1
       Ensorcelled Hiber |    10 |    17 ||    27
       Confuse           |       |     3 ||     3
 Stab: Sleeping          |    14 |    15 ||    29
       Distracted        |       |     1 ||     1
